 Dungeon Crawl Stone Soup version 0.14-a0-759-g26e2352 (webtiles) character file.

1865 PolkaDot the Gusty (level 8, 0/50 (52) HPs)
             Began as a Vampire Air Elementalist on Nov 9, 2013.
             Slain by an orc warrior
             ... wielding a -1,+1 orcish flail
              (26 damage)
             ... on Level 7 of the Dungeon.
             The game lasted 00:39:42 (8399 turns).

PolkaDot the Gusty (Vampire Air Elementalist)       Turns: 8399, Time: 00:39:44

HP   0/50 (52)   AC  5     Str  7      XL: 8   Next: 47%
MP   7/13        EV 12     Int 19      God:
Gold 408         SH  0     Dex 14      Spells:  3 memorised,  0 levels left

Res.Fire  : . . .   See Invis. : +   t - +4,+3 spear of Thyum {freeze, Contam +Blink +Rage rPois}
Res.Cold  : . . .   Warding    : .   a - +1 robe
Life Prot.: + . .   Conserve   : .   (no shield)
Res.Poison: +       Res.Corr.  : .   (no helmet)
Res.Elec. : .       Clarity    : .   h - +0 cloak
Sust.Abil.: + .     Spirit.Shd : .   (no gloves)
Res.Mut.  : .       Stasis     : .   k - +0 pair of boots
Res.Rott. : .       Flight     : .   (no amulet)
Saprovore : . . .                    (no ring)
                                     p - ring of sustain abilities

@: very slightly contaminated, somewhat resistant to hostile enchantments, quite
stealthy
A: bottle blood, fangs 3, see invisible, unbreathing
a: Bat Form, Bottle Blood, Evoke Blink, Evoke Berserk Rage


You were on level 7 of the Dungeon.
You were not thirsty.

You visited 1 branch of the dungeon, and saw 8 of its levels.

You collected 408 gold pieces.

Inventory:

Hand weapons
 n - a +2,+1 dagger of draining
 t - the +4,+3 spear of Thyum (weapon) {freeze, Contam +Blink +Rage rPois}
   (You found it on level 6 of the Dungeon)

   It has been specially enchanted to freeze those struck by it, causing extra
   injury to most foes and up to double damage against particularly susceptible
   opponents.
   It can also slow down cold-blooded creatures.
   It protects you from poison.
   It lets you blink.
   It lets you go berserk.
   It causes magical contamination when unequipped.
Armour
 a - a +1 robe (worn)
 h - a +0 cloak (worn)
 k - a +0 pair of boots (worn)
Magical devices
 i - a wand of paralysis (17) {unknown}
 s - a wand of teleportation (8) {unknown}
Scrolls
 e - a scroll of enchant weapon I
 f - a scroll of remove curse {unknown}
 g - a scroll of curse armour
 j - 3 scrolls of curse weapon
 l - a scroll of noise
 m - a scroll of teleportation
 o - a scroll of fear
 u - a scroll of magic mapping {unknown}
Jewellery
 p - a ring of sustain abilities (left hand)
Potions
 c - 4 potions of curing
 d - 2 potions of slowing
 r - a potion of restore abilities
Books
 b - a book of Air

   Spells                             Type                      Level
   *Shock                             Conjuration/Air              1
   Swiftness                          Charms/Air                   2
   Repel Missiles                     Charms/Air                   2
   Flight                             Charms/Air                   3
   *Static Discharge                  Conjuration/Air              3
   *Lightning Bolt                    Conjuration/Air              5
 q - a book of Death

   Spells                             Type                      Level
   Corpse Rot                         Necromancy                   2
   Sublimation of Blood               Necromancy                   2
   Agony                              Necromancy                   5
   Dispel Undead                      Necromancy                   5
   Excruciating Wounds                Charms/Necromancy            5
   Bolt of Draining                   Conjuration/Necromancy       6


   Skills:
 - Level 1.5 Short Blades
 - Level 2.1 Dodging
 - Level 5.0 Stealth
 - Level 1.0 Spellcasting
 + Level 5.6 Conjurations
 * Level 7.4 Air Magic


You couldn't memorise any spells.
You knew the following spells:

 Your Spells              Type           Power        Failure   Level  Hunger
a - Static Discharge      Conj/Air       ####....     4%          3    ####...
d - Lightning Bolt        Conj/Air       ####......   38%         5    ######.
s - Shock                 Conj/Air       ####         1%          1    ##.....


Dungeon Overview and Level Annotations

Branches:
Dungeon (8/27)
 Temple: D:4-7          Orc: D:6-11        Lair: D:8-13

Altars:
Elyvilon
Makhleb
the Shining One

Annotations:
D:8 timbw's ghost, experienced DjGl


Innate Abilities, Weirdness & Mutations

You can bottle blood from corpses.
You have razor-sharp teeth.*
You have supernaturally acute eyesight.
You can survive without breathing.*


Message History

The orc wizard is moderately wounded.
The lightning arcs!
You are struck by lightning.
The lightning arcs!
The orc warrior is struck by lightning.
The orc warrior is heavily wounded.
The lightning grounds out.
The orc wizard closely misses you.
The orc warrior hits you with an orcish flail!
Casting: Static Discharge
Confirm with . or Enter, or press ? or * to list all spells.
The orc warrior is struck by lightning.
The orc warrior is almost dead.
The lightning grounds out.
The orc is struck by lightning.
The orc is heavily wounded.
The lightning arcs!
The orc wizard is struck by lightning.
The orc wizard is severely wounded.
The lightning arcs!
You are struck by lightning.
The lightning grounds out.
The orc hits you.
The orc wizard hits you with an orcish dagger.
The orc warrior hits you with an orcish flail!
Ouch! That really hurt!
You die...

#.#.######
#.....@o.#
###...oo.#
#####.oJ..
.#.....
.#.#### .#
# .. ##


You could see an orc warrior, a jelly, an orc priest, an orc wizard and an orc.

Vanquished Creatures
  A phantom (D:6)
  2 ogres
  2 centaurs
  A crocodile (D:7)
  2 giant frogs
  A jelly (D:5)
  2 crimson imps (D:5)
  Crazy Yiuf (D:3)
  2 hounds
  3 orc priests
  A scorpion (D:4)
  2 iguanas
  4 orc wizards
  2 worker ants (D:4)
  Ijyb (D:6)
  12 adders
  4 gnolls
  2 giant mites
  3 worms
  2 giant eyeballs (D:4)
  5 giant geckos
  2 oozes
  17 orcs
  7 giant cockroaches
  14 hobgoblins
  9 jackals
  3 quokkas
  11 bats
  6 giant newts
  8 goblins
  3 hobgoblin skeletons
  A hobgoblin zombie (D:5)
  15 kobolds
  An orc skeleton (D:4)
  An orc zombie (D:5)
  A quokka skeleton (D:4)
  15 rats
  A plant (D:4)
170 creatures vanquished.

Notes
Turn   | Place    | Note
--------------------------------------------------------------
     0 | D:1      | PolkaDot, the Vampire Air Elementalist, began the quest for the Orb.
     0 | D:1      | Reached XP level 1. HP: 13/13 MP: 4/4
   325 | D:1      | Reached skill level 4 in Stealth
   547 | D:1      | Reached XP level 2. HP: 7/19 MP: 0/5
  1290 | D:1      | Reached skill level 5 in Stealth
  1428 | D:1      | Reached XP level 3. HP: 13/24 MP: 6/6
  2158 | D:2      | Reached skill level 1 in Short Blades
  2160 | D:2      | Reached XP level 4. HP: 28/30 MP: 0/8
  2646 | D:3      | Learned a level 3 spell: Static Discharge
  3045 | D:3      | Reached skill level 1 in Conjurations
  3254 | D:3      | Noticed Crazy Yiuf
  3259 | D:3      | Killed Crazy Yiuf
  3259 | D:3      | Reached XP level 5. HP: 25/35 MP: 9/9
  3653 | D:4      | Noticed an ogre
  3900 | D:4      | Reached XP level 6. HP: 41/41 MP: 3/10
  3972 | D:5      | Entered Level 5 of the Dungeon
  4284 | D:4      | Killed an ogre
  4284 | D:4      | Reached skill level 5 in Air Magic
  5049 | D:5      | Reached XP level 7. HP: 39/46 MP: 1/11
  5639 | D:5      | Found a white marble altar of Elyvilon.
  5872 | D:5      | Found a burning altar of Makhleb.
  6107 | D:5      | Reached skill level 6 in Air Magic
  6541 | D:6      | Found a glowing golden altar of the Shining One.
  6565 | D:6      | Reached skill level 5 in Conjurations
  6780 | D:6      | Reached XP level 8. HP: 42/52 MP: 5/13
  6847 | D:6      | Learned a level 5 spell: Lightning Bolt
  7430 | D:8      | Noticed timbw's ghost (experienced DjGl)
  7715 | D:6      | Noticed Ijyb
  7724 | D:6      | Killed Ijyb
  7927 | D:6      | Reached skill level 7 in Air Magic
  8108 | D:6      | Got a shimmering spear
  8181 | D:6      | Identified the +4,+3 spear of Thyum {freeze, Contam +Blink +Rage rPois} (You found it on level 6 of the Dungeon)
  8181 | D:6      | Identified the +4,+3 spear of Thyum {freeze, Contam +Blink +Rage rPois} (You found it on level 6 of the Dungeon)
  8399 | D:7      | Slain by an orc warrior

Action                   |  1- 3 |  4- 6 |  7- 9 || total
-------------------------+-------+-------+-------++-------
Melee: Unarmed           |     6 |       |       ||     6
       Short sword       |    54 |   121 |       ||   175
       Dagger            |       |   103 |    62 ||   165
       Spear             |       |       |   175 ||   175
 Cast: Shock             |    74 |    29 |    10 ||   113
       Static Discharge  |       |    31 |    57 ||    88
  Use: Potion            |     2 |     3 |     5 ||    10
       Scroll            |       |       |    21 ||    21
 Stab: Sleeping          |     4 |    11 |     8 ||    23
       Distracted        |       |     1 |       ||     1
